AoeStats
← NuMa | Gacha

Black Forest

505112146Analyzed
4v4 RM · 26d ago on Sep 7, 2026· 41m 39s· 8 players
Game mode
Random Map
Map size
Large (8 player)
Population
200
Speed
Normal
Resources
Standard
Victory
Conquest
Starting age
Dark Age
Ending age
Imperial Age
RankedLock teamsTeams togetherTeam positionsShared explorationLock speedFull tech treeHidden civsTurbo modeCheats
Victory
Defeat
🇧🇷 Turks · Brazil
1018
+15
🇧🇷 Italians · Brazil
1012
+15
🇦🇷 Burgundians · Argentina
1010
+15
🇨🇦 Celts · Canada
964
+17
🇨🇦 Persians · Canada
1189
-22
🇨🇴 Vietnamese · Colombia
1056
-17
🇨🇴 Britons · Colombia
1015
-17
🇨🇴 Japanese · Colombia
720
-6
NuMa | Gacha
1:46 Loom
15:54 Feudal Age
20:24 Castle Age
19:01 Double-Bit Axe
19:25 Gold Mining
21:41 Stone Mining
23:06 Stone Shaft Mining
24:24 Wheelbarrow
Mauro
5:59 Loom
12:27 Feudal Age
13:56 Double-Bit Axe
14:38 Gold Mining
16:42 Fletching
19:21 Castle Age
17:59 Padded Archer Armor
20:26 Bodkin Arrow
20:19 Crossbowman
33:51 Leather Archer Armor
35:39 Wheelbarrow
37:47 Hand Cart
38:42 Pikeman
39:00 Elite Skirmisher
NikolastrA
1:16 Loom
11:31 Feudal Age
12:10 Double-Bit Axe
12:24 Gold Mining
16:45 Horse Collar
24:09 Castle Age
21:59 Man-at-Arms
24:41 Long Swordsman
24:50 Pikeman
25:31 Squires
28:36 Gambesons
28:39 Arson
31:16 Heavy Plow
31:29 Bow Saw
31:42 Elite Skirmisher
35:13 Wheelbarrow
40:02 Imperial Age
38:12 Yasama
Burgoman2
1:07 Loom
12:47 Feudal Age
18:24 Castle Age
16:55 Double-Bit Axe
17:12 Gold Mining
18:17 Scale Barding Armor
17:59 Horse Collar
20:50 Bloodlines
24:52 Forging
31:06 Husbandry
34:27 Wheelbarrow
34:05 Bow Saw
33:56 Heavy Plow
35:24 Iron Casting
41:50 Imperial Age
41:14 Gold Shaft Mining
40:57 Hand Cart
40:27 Town Watch
41:39 Chain Barding Armor
Galluzzi
0:30 Loom
14:55 Feudal Age
17:05 Double-Bit Axe
17:41 Horse Collar
22:54 Castle Age
22:31 Gold Mining
24:44 Wheelbarrow
24:24 Bow Saw
27:00 Fletching
27:10 Padded Archer Armor
27:15 Stone Mining
27:33 Heavy Plow
31:14 Murder Holes
31:52 Bodkin Arrow
31:58 Padded Archer Armor
31:48 Town Watch
33:28 Masonry
32:59 Treadmill Crane
32:45 Crossbowman
35:29 Leather Archer Armor
38:16 Fortified Wall
42:06 Ballistics
42:45 Wheelbarrow
Amazon Shopping
0:27 Loom
12:36 Feudal Age
18:07 Castle Age
16:42 Horse Collar
17:03 Double-Bit Axe
17:16 Man-at-Arms
18:15 Scale Mail Armor
18:17 Long Swordsman
19:42 Forging
20:20 Gambesons
31:04 Bow Saw
32:16 Wheelbarrow
34:59 Heavy Plow
38:14 Imperial Age
35:36 Treadmill Crane
36:31 Gold Mining
36:41 Stone Mining
37:07 Hand Cart
38:16 Gold Shaft Mining
39:11 Iron Casting
38:52 Chain Mail Armor
38:42 Arson
38:31 Two-Handed Swordsman
38:35 Capped Ram
40:51 Stone Shaft Mining
40:15 Siege Ram
FernetRush
10:46 Feudal Age
10:40 Double-Bit Axe
12:16 Horse Collar
13:20 Loom
17:52 Castle Age
16:50 Bow Saw
17:13 Heavy Plow
19:01 Stone Mining
20:35 Stone Shaft Mining
22:26 Two-Man Saw
22:47 Wheelbarrow
23:31 Pikeman
27:25 Hand Cart
27:42 Fletching
28:48 Crop Rotation
34:05 Imperial Age
31:39 Gold Mining
34:07 Burgundian Vineyards
34:26 Forging
34:21 Scale Barding Armor
35:58 Gold Shaft Mining
38:04 Conscription
38:55 Cavalier
40:15 Iron Casting
41:13 Paladin
Six
0:27 Loom
10:20 Feudal Age
10:50 Double-Bit Axe
17:30 Castle Age
23:26 Bow Saw
22:58 Horse Collar
23:10 Gold Mining
24:30 Heavy Plow
25:23 Gold Shaft Mining
33:01 Imperial Age
30:58 Fletching
31:48 Forging
31:44 Scale Barding Armor
31:35 Bodkin Arrow
31:40 Padded Archer Armor
34:07 Iron Casting
33:52 Chain Barding Armor
33:46 Bloodlines
33:37 Husbandry
34:36 Bracer
34:51 Leather Archer Armor
35:01 Ballistics
35:02 Bombard Tower
35:33 Thumb Ring
36:45 Blast Furnace
35:50 Bracer
36:59 Two-Man Saw
40:01 Plate Barding Armor
Connection lost

Rejoining the realm…

Still unreachable

The connection could not be restored.

Session expired

The server has moved on; the page needs a fresh start.